 Dungeon Crawl Stone Soup version 0.31-a0-358-gac0dbeb3ab (webtiles) character file.

Game seed: 4982149506775111895

72 AIAndy the Ruffian (level 4, -4/28 HPs)
             Began as an Octopode Shapeshifter on July 25, 2023.
             Slain by Ijyb
             ... wielding a +0 club
              (5 damage)
             ... on level 3 of the Dungeon.
             The game lasted 00:03:56 (1542 turns).

AIAndy the Ruffian (Octopode Shapeshifter)          Turns: 1542, Time: 00:03:56

Health: -4/28      AC:  1    Str: 16    XL:     4   Next: 26%
Magic:  4/4        EV: 13    Int: 10    God:
Gold:   83         SH:  0    Dex: 12    Spells: 3/3 levels left

rFire   . .          .
                       - Unarmed
rCold   . . .        (no shield)
rNeg    . . .        n - melded +1 hat
rPois   .            (no amulet)
rElec   .            Z - ring of wizardry
rCorr   .            (no ring)
SInv    .            (no ring)
Will    .....        (no ring)
Stlth   ++           (no ring)
HPRegen 0.24/turn    (no ring)
MPRegen 0.09/turn    (no ring)
                     (no ring)

%: wizardry (x1)
@: beast-form
A: beast (slay +2), almost no armour, amphibious, 8 rings, camouflage 1,
gelatinous body 1, (nimble swimmer 1), tentacles
a: Begin Untransformation


You were on level 3 of the Dungeon.
You were a hulking beast.
You visited 1 branch of the dungeon, and saw 3 of its levels.

You collected 83 gold pieces.


Innate Abilities, Weirdness & Mutations

You are a hulking beast.
Your limbs bulge with bestial killing power. (Slay +2)
You cannot wear most types of armour.
You are amphibious.
You can wear up to eight rings at the same time.
Your skin changes colour to match your surroundings (Stealth+).
Your rubbery body absorbs attacks. (AC +1, EV +1)
((You are camouflaged when in or above water. (Stealth+)))
You have tentacles for arms and can constrict up to eight enemies at once.


   Skills:
 - Level 1.0 Fighting
 - Level 2.0 Dodging
 + Level 4.1 Unarmed Combat
 + Level 3.8 Shapeshifting


You had 3 spell levels left.
You didn't know any spells.
Your spell library was empty.

Inventory:

Missiles
 e - 5 poisoned darts (quivered)
 q - 5 boomerangs
Armour
 n - a +1 hat (melded)
Magical Staves
 l - a staff of fire
 o - a staff of poison
 p - the staff of Honour {rElec rF+ rC+ Will+ Air}
   (You found it on level 2 of the Dungeon)

   [staff of air]

   Base accuracy: +5 Base damage: 5 Base attack delay: 1.2 This weapon's minimum
   attack delay (0.6) is reached at skill level 12.
   rF:        It protects you from fire.
   rC:        It protects you from cold.
   rElec:     It insulates you from electricity.
   Air:       It increases the power of your Air spells.
   Will:      It increases your willpower.
   It falls into the 'Staves' category.
   It is a one-tentacled weapon.
Jewellery
 Z - a ring of wizardry (left tentacle)
Talismans
 b - a beast talisman
Scrolls
 c - a scroll of torment {unknown}
 f - a scroll of enchant weapon {unknown}
 g - a scroll of noise {unknown}
 h - a scroll of teleportation {unknown}
 i - a scroll of brand weapon {unknown}
 j - 2 scrolls of identify {unknown}
 k - a scroll of poison {unknown}
 t - a scroll of summoning {unknown}
Potions
 a - a potion of lignification {!q}
 d - a potion of brilliance {unknown}
 m - a potion of heal wounds {unknown}
 r - a potion of cancellation {unknown}
 s - a potion of enlightenment {unknown}
 u - a potion of curing {unknown}

Dungeon Overview and Level Annotations

Branches:
Dungeon (3/15)

Altars:

Annotations:
D:3 Ijyb

#.# #<# #
#.#.#
#.#.#
#.#.##
#.$..#
##....##..
#..▓.....▓
#.h...▓...
#.g▓.....▓
#.....#...
#.##....##
#. ..###
#. .# #.
.. #. ..


You could see Ijyb.


Message History

Done exploring.
Done exploring.
Search for what [Enter for "."]? .
You see here an adder skeleton.
There is a stone staircase leading down here.
You climb downwards.
Found 9 gold pieces.
There is a stone staircase leading up here.
Ijyb the Twisted Goblin comes into view.
She is wielding a +0 club and carrying a wand of mindburst.
Ijyb shouts!
Ijyb completely misses you.
You closely miss Ijyb. Your grab misses Ijyb. Your squeeze misses Ijyb.
You tentacle-slap Ijyb but do no damage.
You grab Ijyb. You constrict Ijyb, but do no damage.
Ijyb zaps a wand.
Your mind is blasted!
You tentacle-slap Ijyb but do no damage.
You constrict Ijyb.
Ijyb zaps a wand.
Your mind is blasted!
Ouch! That really hurt!
* * * LOW HITPOINT WARNING * * *
You tentacle-slap Ijyb.
Ijyb is lightly wounded.
You constrict Ijyb, but do no damage.
Ijyb zaps a wand.
You barely resist. You tentacle-slap Ijyb.
Ijyb is lightly wounded.
You constrict Ijyb. Ijyb hits you with a +0 club.
* * * LOW HITPOINT WARNING * * *
You tentacle-slap Ijyb.
Ijyb is moderately wounded.
You constrict Ijyb, but do no damage. Ijyb hits you with a +0 club.
You die...

Skill      XL: |  1  2  3 |
---------------+----------+-----
Unarmed Combat | 4 |  4.1
Fighting       | |  1.0
Dodging        | |  2.0
Shapeshifting  | |  3.8

Action                     |  1- 3 |  4- 6 || total
---------------------------+-------+-------++-------
  Melee: Unarmed           |    49 |    14 ||    63
         Tentacles         |    11 |     1 ||    12
         Constrict         |    14 |     1 ||    15
   Stab: Sleeping          |     7 |     2 ||     9
 Armour: Skin              |     5 |       ||     5
  Dodge: Dodged            |    28 |     5 ||    33
         Form:             |     1 |       ||     1
         Beast             |     1 |       ||     1

Levels and vault maps discovered:
D:1:      lightli_arrival_maybe_door_vault, layout_loops_ring,
          basic_ecumenical_altar, nicolae_hexahallways
D:2:      layout_basic
D:3:      layout_loops_ring, mainiacjoe_overflow_cross_hatched,
          minmay_misc_feat_five, minmay_shallow_snake_nest, uniq_sigmund,
          uniq_ijyb

Notes
Turn   | Place    | Note
-------+----------+-------------------------------------------
     0 | D:1      | AIAndy the Octopode Shapeshifter began the quest for the
                  | Orb.
     0 | D:1      | Reached XP level 1. HP: 13/13 MP: 1/1
    60 | D:1      | Reached XP level 2. HP: 9/18 MP: 2/2
   363 | D:1      | Reached XP level 3. HP: 23/23 MP: 3/3
   508 | D:1      | Found a faded altar of an unknown god.
  1099 | D:2      | Identified the staff of Honour {rElec rF+ rC+ Will+ Air}
  1110 | D:2      | Reached skill level 4 in Unarmed Combat
  1110 | D:2      | Reached XP level 4. HP: 28/28 MP: 4/4
  1531 | D:3      | Noticed Ijyb
  1539 | D:3      | HP: 2/28 [disintegration (20)]
  1542 | D:3      | Slain by Ijyb

Vanquished Creatures
  A gnoll (D:1)
  2 adders (D:2)
  A dart slug (D:1)
  4 bats
  7 endoplasms
  2 giant cockroaches (D:1)
  3 goblins (D:2)
  3 hobgoblins (D:1)
  3 jackals (D:1)
  A quokka (D:2)
  2 ball pythons
  2 frilled lizards
  4 kobolds
  4 rats
39 creatures vanquished.

Table legend: (Time is in decaauts)
 A = Elapsed time spent in this place.
 B = Non-inter-level travel time spent in this place.
 C = Inter-level travel time spent in this place.
 D = Time resting spent in this place.
 E = Time spent auto-exploring this place.
 F = Levels seen in this place.
 G = Mean time per level.
                   A        B        C        D        E       F      G
               +--------+--------+--------+--------+--------+-----+--------+
         Total |   1536 |   1514 |     22 |      0 |   1225 |   3 |  512.0 |
       Dungeon |   1536 |   1514 |     22 |      0 |   1225 |   3 |  512.0 |
               +--------+--------+--------+--------+--------+-----+--------+

Top non-repeatable levels by time:
     D:1: 921 daAuts
     D:2: 603 daAuts
     D:3: 12 daAuts

Table legend:
 A = Non-vault XP
 B = Vault XP
 C = Vault XP percentage of total XP
 D = Non-vault monster count
 E = Vault monster count
 F = Vault count percentage of total count
                 A         B        C        D         E       F
            +---------+---------+-------+---------+---------+-------
      Total |     104 |       0 |   0.0 |      39 |       0 |   0.0
            +---------+---------+-------+---------+---------+-------
        D:1 |      53 |       0 |   0.0 |      23 |       0 |   0.0
        D:2 |      51 |       0 |   0.0 |      16 |       0 |   0.0
            +---------+---------+-------+---------+---------+-------
